 Dungeon Crawl Stone Soup version 0.18-a0-1343-g48c8f86 (webtiles) character file.

4 ololoev the Firebug (level 1, -4/10 HPs)
             Began as a Deep Elf Fire Elementalist on Feb 16, 2016.
             Was a Follower of Elyvilon.
             Slain by ololoev's ghost (6 damage)
             ... on level 3 of the Dungeon.
             The game lasted 00:01:21 (211 turns).

ololoev the Firebug (Deep Elf Fire Elementalist)     Turns: 211, Time: 00:01:21

Health: -4/10      AC:  2    Str:  5    XL:     1   Next: 50%
Magic:  2/6        EV: 13    Int: 19    God:    Elyvilon [*.....]
Gold:   39         SH:  0    Dex: 15    Spells: 1 memorised, 5 levels left

rFire  . . .     SeeInvis .     (no weapon)
rCold  . . .     Gourm    .     a - +0 robe
rNeg   . . .     Faith    .     (no shield)
rPois  .         Spirit   .     (no helmet)
rElec  .         Dismiss  .     (no cloak)
rCorr  .         Reflect  .     (no gloves)
SustAt .         Harm     .     (no boots)
MR     .....                    (no amulet)
Stlth  ++........               (no ring)
                                (no ring)

@: not resistant to hostile enchantments, unstealthy
A: no striking features
a: Lesser Healing, Divine Protection, Renounce Religion

Inventory:

Armour
 a - a +0 robe (worn)
Scrolls
 d - a scroll of noise {unknown}
 e - a scroll of identify {unknown}
Books
 b - a book of Flames

   Spells                             Type                      Level
   a - Flame Tongue                   Conjuration/Fire             1
   b - Throw Flame                    Conjuration/Fire             2
   c - Conjure Flame                  Conjuration/Fire             3
   d - Inner Flame                    Hexes/Fire                   3
   e - Sticky Flame                   Conjuration/Fire             4
   f - Fireball                       Conjuration/Fire             5
Comestibles
 c - a bread ration
 f - a meat ration


   Skills:
 - Level 2.4 Dodging
 - Level 2.4 Stealth
 + Level 3.1 Spellcasting
 * Level 1.4 Conjurations
 + Level 3.3 Fire Magic
 + Level 0.0 Invocations


You had 5 spell levels left.
You knew the following spells:

 Your Spells              Type           Power        Failure   Level  Hunger
a - Flame Tongue          Conj/Fire      ##...        8%          1    None


You were on level 3 of the Dungeon.
You worshipped Elyvilon.
Elyvilon was aware of your devotion.
You were not hungry.

You visited 1 branch of the dungeon, and saw 3 of its levels.

You collected 39 gold pieces.

###########
.......@..#
########W..#
....#
.......
....###
...## ####

Notes
Turn   | Place    | Note
--------------------------------------------------------------
     0 | D:1      | ololoev the Deep Elf Fire Elementalist began the quest for the Orb.
     0 | D:1      | Reached XP level 1. HP: 10/10 MP: 6/6
     2 | D:1      | Noticed a gargoyle
     4 | D:1      | Noticed a halfling
     6 | D:1      | Noticed an elf
     8 | D:1      | Noticed a formicid
     8 | D:1      | Noticed a troll
    11 | D:1      | Noticed a tengu
    11 | D:1      | Noticed a ghoul
    13 | D:1      | Noticed a centaur
    13 | D:1      | Noticed an ogre
    15 | D:1      | Noticed a vine stalker
    15 | D:1      | Noticed an octopode
    17 | D:1      | Noticed a merfolk
    17 | D:1      | Noticed a spriggan
    19 | D:1      | Noticed a dwarf
    19 | D:1      | Noticed a vampire
    21 | D:1      | Noticed a demonspawn
    21 | D:1      | Noticed a demigod
    23 | D:1      | Noticed a human
    23 | D:1      | Noticed a draconian
    25 | D:1      | Noticed a felid
    27 | D:1      | Noticed a naga
    27 | D:1      | Noticed a minotaur
    84 | D:2      | Found a faded altar to an unknown god.
    93 | D:2      | Became a worshipper of Elyvilon the Healer
    93 | D:2      | Reached * piety under Elyvilon
   207 | D:3      | Noticed ololoev's ghost (weakling DEFE)
   211 | D:3      | Slain by ololoev's ghost

Dungeon Overview and Level Annotations

Branches:
Dungeon (3/15)

Altars:
Elyvilon

Annotations:
D:3 ololoev's ghost, weakling DEFE


Message History

There is a stone staircase leading up here.
Press: ? - help, v - describe, . - travel
Here: ololoev's ghost The floor.
Casting: Flame Tongue
Confirm with . or Enter, or press ? or * to list all spells.
Aiming: Flame Tongue
Press: ? - help, Shift-Dir - straight line, f - ololoev's ghost
Aim: ololoev's ghost The flame tongue hits ololoev's ghost.
Ololoev's ghost is moderately damaged.
Ololoev's ghost barely misses you.
Casting: Flame Tongue
Confirm with . or Enter, or press ? or * to list all spells.
Aiming: Flame Tongue
Press: ? - help, Shift-Dir - straight line, f/p - ololoev's ghost
Aim: ololoev's ghost (moderately damaged)
The flame tongue hits ololoev's ghost.
Ololoev's ghost is almost destroyed.
Ololoev's ghost casts a spell at you. The flame tongue hits you!
Ouch! That really hurt!
Casting: Flame Tongue
Confirm with . or Enter, or press ? or * to list all spells.
Aiming: Flame Tongue
Press: ? - help, Shift-Dir - straight line, f/p - ololoev's ghost
Aim: ololoev's ghost (almost destroyed)
The flame tongue hits ololoev's ghost.
Ololoev's ghost is almost destroyed.
Ololoev's ghost misses you.
Casting: Flame Tongue
Confirm with . or Enter, or press ? or * to list all spells.
Aiming: Flame Tongue
Press: ? - help, Shift-Dir - straight line, f/p - ololoev's ghost
Aim: ololoev's ghost (almost destroyed)
The flame tongue hits ololoev's ghost.
Ololoev's ghost is almost destroyed.
Ololoev's ghost hits you.
Ouch! That really hurt!
You die...

You could see ololoev's ghost.

Vanquished Creatures
  2 bats (D:2)
  A hobgoblin (D:2)
  A rat (D:2)
4 creatures vanquished.

Action                   || total
-------------------------++-------
Melee: Unarmed           ||     2
 Cast: Flame Tongue      ||     8

Vault maps used:
D:1:      kb_arrival_jail, minmay_misc_feat_x, minmay_misc_feat_secret_circle
D:2:      serial_forest, infiniplex_forest_lined_corner,
          infiniplex_forest_lined_room_2, infiniplex_forest_clump_diagonal,
          infiniplex_forest_lined_2, infiniplex_forest_end_2,
          infiniplex_forest_clump_curved, infiniplex_forest_lined_corner,
          infiniplex_forest_3_way, infiniplex_forest_side_room,
          ecumenical_altar_1, led_sif_pool
D:3:      nicolae_gozag_cash_rules_everything_around_me,
          minmay_misc_feat_enclosed, johnstein_pakellas_death_squad,
          uniq_crazy_yiuf_cottage, uniq_iyjb
